 Dungeon Crawl Stone Soup version 0.27.1-4-g1640c2035a (webtiles) character file.

Game seed: 7221953544400326746

108 Icepheonix32 the Skirmisher (level 4, 0/37 HPs)
             Began as a Demonspawn Fighter on Nov 17, 2021.
             Slain by Blork the orc (5 damage)
             ... on level 4 of the Dungeon.
             The game lasted 00:03:56 (2007 turns).

Icepheonix32 the Skirmisher (Demonspawn Fighter)    Turns: 2007, Time: 00:03:58

Health: 0/37       AC:  9    Str: 17    XL:     4   Next: 58%
Magic:  4/4        EV:  5    Int: 10    God:
Gold:   61         SH: 14    Dex: 18    Spells: 3/3 levels left

rFire    . . .     SeeInvis .   a - +0 long sword
rCold    . . .     Faith    .   c - +0 kite shield
rNeg     + . .     Spirit   .   h - +0 chain mail
rPois    .         Reflect  +   (no helmet)
rElec    .         Harm     .   (no cloak)
rCorr    .         Rampage  .   (no gloves)
Will     .....                  (no boots)
Stlth    ..........             t - amulet of reflection
HPRegen  0.12/turn              k - ring of positive energy
MPRegen  0.09/turn              r - +6 ring of dexterity

@: mighty
A: spiny 1, sturdy frame 1, demonic magic 1
a: no special abilities


You were on level 4 of the Dungeon.
You visited 1 branch of the dungeon, and saw 4 of its levels.

You collected 61 gold pieces.

Inventory:

Hand Weapons
 a - a +0 long sword (weapon)
Missiles
 m - 7 boomerangs of dispersal (quivered)
 n - 6 boomerangs
Armour
 b - a +0 scale mail
 c - a +0 kite shield (worn)
 h - a +0 chain mail (worn)
Magical Staves
 o - a staff of poison
Jewellery
 k - a ring of positive energy (left hand)
 r - a +6 ring of dexterity (right hand)
 t - an amulet of reflection (around neck)
 u - an amulet of magic regeneration
Scrolls
 f - a scroll of amnesia {unknown}
 g - a scroll of teleportation
 j - a scroll of blinking {unknown}
 p - a scroll of holy word
 q - a scroll of enchant armour {unknown}
 s - 2 scrolls of fear {unknown}
Potions
 d - a potion of might
 l - a potion of brilliance


   Skills:
 * Level 3.7 Fighting
 * Level 3.1 Long Blades
 * Level 3.2 Armour
 + Level 0.4 Dodging
 + Level 2.9 Shields


You had 3 spell levels left.
You didn't know any spells.
Your spell library contained the following spells:

 Spells                   Type           Power      Damage    Failure   Level
 Passwall                 Tmut/Erth      0%         N/A       100%        2
 Swiftness                Air            0%         N/A       100%        3
 Fireball                 Conj/Fire      0%         3d3       100%        5
 Iskenderun's Battlesphe  Conj           0%         2d6       100%        5
 Conjure Ball Lightning   Conj/Air       0%         3x3d6     100%        6
 Invisibility             Hex            0%         N/A       100%        6
 Orb of Destruction       Conj           0%         N/A       100%        7


Dungeon Overview and Level Annotations

Branches:
Dungeon (4/15)
 Temple: D:4-7

Altars:
Sif Muna

Shops:
D:1 :

Annotations:
D:4 Blork the orc


Innate Abilities, Weirdness & Mutations

You are partially covered in sharp spines.
Your movements are slightly less encumbered by armour. (ER -2)
Spells you cast may paralyse adjacent enemies.


Message History

Found a scroll labelled PENTIB ELAYNK.
Blork the orc zaps a wand.
The puff of flame hits you!
Blork the orc struggles against the net.
You are too injured to fight recklessly!
You are too injured to fight recklessly!
You are too injured to fight recklessly!
You are too injured to fight recklessly!
You are too injured to fight recklessly!
You slash Blork the orc!
Blork the orc is moderately wounded.
Blork the orc drinks a potion.
Blork the orc seems to speed up.
Blork the orc struggles against the net.
The net rips apart, and Blork the orc comes free!
You hit Blork the orc.
Blork the orc is moderately wounded.
Blork the orc points at you and mumbles some strange words.
The magic dart hits you.
* * * LOW HITPOINT WARNING * * *
Unknown command.
Throw: throwing net
Press: ? - help, Q - select action, (/) - cycle Shift-Dir - straight line, f/p - Blork the orc
Aim: Blork the orc, wielding a +0 dire flail, wearing a +0 robe and carrying a wand of flame (6) (moderately wounded, fast, 64% to hit)
You throw a throwing net.
The throwing net closely misses Blork the orc.
Blork the orc zaps a wand.
The puff of flame hits you.
* * * LOW HITPOINT WARNING * * *
Unknown command.
You feel very mighty all of a sudden. You block Blork the orc's attack. x2
Blork the orc screams, "I'll eat your brain!
And then I'll vomit it back up!"
Blork the orc is struck by your spines. Blork the orc barely misses you.
You riposte.
You barely miss Blork the orc.
Blork the orc is heavily wounded.
You barely miss Blork the orc.
Blork the orc is heavily wounded.
Blork the orc zaps a wand.
The puff of flame hits you.
* * * LOW HITPOINT WARNING * * *
You block Blork the orc's attack. Blork the orc is struck by your spines.
Blork the orc hits you with a +0 dire flail.
You die...

##.... ..?..
##..... ....##
#.=..#. ...(.#
....... .....
.......##...#
##.....#..#
#......o..# ##
#..@.## #..
##.....##
##..##.......##.
.##...#......$....
..............####
.............##
#.....<.....#
##..........#
............##


You could see Blork the orc (fast).

Vanquished Creatures
  A hound (D:3)
  A gnoll (D:1)
  An adder (D:3)
  A worm (D:2)
  2 dart slugs
  4 orcs (D:3)
  6 endoplasms
  2 giant cockroaches
  2 goblins (D:1)
  4 hobgoblins
  3 jackals (D:1)
  3 kobolds
  3 quokkas (D:1)
  5 ball pythons
  4 bats
  2 frilled lizards
44 creatures vanquished.

Notes
Turn   | Place    | Note
-------+----------+-------------------------------------------
     0 | D:1      | Icepheonix32 the Demonspawn Fighter began the quest for the
                  | Orb.
     0 | D:1      | Reached XP level 1. HP: 18/18 MP: 1/1
    13 | D:1      | Gained mutation: Your movements are slightly less
                  | encumbered by armour. (ER -2) [demonic ancestry]
    13 | D:1      | Reached XP level 2. HP: 20/24 MP: 2/2
    80 | D:1      | Found Kubatiapn's Book Boutique.
   347 | D:1      | Gained mutation: Spells you cast may paralyse adjacent
                  | enemies. [demonic ancestry]
   347 | D:1      | Reached XP level 3. HP: 28/29 MP: 3/3
   860 | D:2      | Found a shimmering blue altar of Sif Muna.
  1294 | D:3      | Gained mutation: You are partially covered in sharp spines.
                  | [demonic ancestry]
  1294 | D:3      | Reached XP level 4. HP: 37/37 MP: 4/4
  1680 | D:3      | Found a faded altar of an unknown god.
  1995 | D:4      | Noticed Blork the orc
  2007 | D:4      | Slain by Blork the orc

Illustrated notes

Levels and vault maps discovered:
D:1:      eino_arrival_druids_welcome, layout_rooms, serial_shops,
          nicolae_shop_window_shopping
D:2:      layout_rooms, basic_altar
D:3:      layout_loops_ring, shapermc_ecumenical_altar_mp_ritualfount
D:4:      layout_layer_cave, nicolae_uskayaw_dance_hall, uniq_duvessa,
          uniq_ijyb, uniq_blork_the_orc

Skill      XL: |  1  2  3  4 |
---------------+-------------+-----
Armour         | 3 |  3.2
Long Blades    | 2 3 |  3.1
Fighting       | |  3.7
Dodging        | |  0.4
Shields        | |  2.9

Action                   |  1- 3 |  4- 6 || total
-------------------------+-------+-------++-------
Melee: Long sword        |   100 |    24 ||   124
Throw: Throwing net      |       |     2 ||     2
  Use: Scroll            |       |     3 ||     3
       Potion            |       |     1 ||     1
Armor: Scale mail        |    28 |       ||    28
       Chain mail        |    33 |     8 ||    41
Dodge: Dodged            |    36 |     4 ||    40
Block: Kite shield       |    43 |    20 ||    63
       Rpst.: Long sword |    12 |     1 ||    13
